 Dungeon Crawl Stone Soup version 0.23.1 (webtiles) character file.

Game seed: 4221737704420840936

34368 Borgoz the Slicer (level 13, -1/111 HPs)
             Began as a Ghoul Monk on Mar 18, 2019.
             Was an Elder of Ashenzari.
             Slain by a four-headed hydra (7 damage)
             ... on level 4 of the Lair of Beasts.
             The game lasted 00:48:50 (17499 turns).

Borgoz the Slicer (Ghoul Monk)                     Turns: 17499, Time: 00:48:51

Health: -1/111     AC: 19    Str: 16    XL:     13   Next: 77%
Magic:  17/17      EV: 17    Int:  5    God:    Ashenzari [****..]
Gold:   972        SH:  0    Dex: 15    Spells: 11/18 levels left

rFire    . . .     SeeInvis +   a - +0 dagger (venom)
rCold    + . .     Gourm    .   (no shield)
rNeg     + + +     Faith    .   h - +4 ring mail of the Hall of Blades {rElec rCorr Slay-2}
rPois    ∞         Spirit   .   C - +2 hat {SInv}
rElec    +         Reflect  .   (no cloak)
rCorr    +         Harm     .   e - +0 pair of gloves
MR       .....     Clarity  +   (no boots)
Stlth    ++........             (no amulet)
HPRegen  0.00/turn              y - +5 ring of protection
MPRegen  0.15/turn              n - +6 ring of slaying (curse)

@: rotting, very slow
A: rotting body, claws 1, carnivore, cold resistance 1, negative energy
resistance 3, inhibited regeneration, torment resistance, unbreathing
a: Curse Item, Scrying, Renounce Religion


You were on level 4 of the Lair of Beasts.
You worshipped Ashenzari.
Ashenzari was greatly pleased with you.
You were not hungry.

You visited 3 branches of the dungeon, and saw 16 of its levels.

You collected 972 gold pieces.

Inventory:

Hand Weapons
 a - a +0 dagger of venom (weapon)
 b - a +2 short sword of speed
 x - a +4 antimagic dagger
 E - a +0 rapier
Missiles
 o - 3 tomahawks (quivered)
Armour
 e - a +0 pair of gloves (worn)
 f - a +1 scale mail of fire resistance
 h - the +4 ring mail of the Hall of Blades (worn) {rElec rCorr Slay-2}
   (You found it on level 1 of the Lair of Beasts)

   It affects your accuracy and damage with ranged weapons and melee attacks
   (-2).
   It insulates you from electricity.
   It provides partial protection from all sources of acid and corrosion.
 r - the +0 ring mail of the Boiling Point {rC+++}
   (You found it on level 1 of the Lair of Beasts)

   It renders you almost immune to cold.
 C - a +2 hat of see invisible (worn)
Jewellery
 d - an uncursed ring of wizardry
 n - a cursed +6 ring of slaying (right hand)
 s - a +4 ring of protection
 y - a +5 ring of protection (left hand)
 D - an uncursed ring of protection from cold
Wands
 j - a wand of clouds (2)
 u - a wand of enslavement (6)
 F - a wand of polymorph (7)
 G - a wand of iceblast (4)
 H - a wand of acid (10)
 L - a wand of flame (3)
Scrolls
 g - 2 scrolls of fog
 i - 9 scrolls of teleportation
 m - a scroll of enchant weapon
 w - 2 scrolls of enchant armour {unknown}
 z - a scroll of random uselessness {unknown}
 B - 4 scrolls of remove curse
 I - a scroll of identify
 J - 3 scrolls of magic mapping
Potions
 k - a potion of might {unknown}
 l - 3 potions of agility
 p - 3 potions of brilliance
 q - 3 potions of magic
 v - a potion of cancellation
 A - 3 potions of curing
Comestibles
 c - 46 rations


   Skills:
 + Level 9.1 Fighting
 + Level 10.3 Short Blades
 + Level 8.9 Armour
 + Level 9.5 Dodging
 + Level 9.3 Stealth
 + Level 3.4 Spellcasting
 + Level 0.8 Conjurations
 + Level 6.9 Hexes
 + Level 0.5 Air Magic
 + Level 0.8 Poison Magic
 - Level 5.2 Evocations


You had 11 spell levels left.
You knew the following spells:

 Your Spells              Type           Power        Failure   Level  Hunger
a - Confusing Touch       Hex            #.....       3%          1    ##.....
b - Confuse               Hex            #.......     11%         3    ####...
c - Mephitic Cloud        Conj/Pois/Air  #.......     82%         3    ####...

Your spell library contained the following spells:

 Spells                   Type           Power        Failure   Level  Hunger
 Inner Flame              Hex/Fire       #.......     41%         3    ####...
 Spectral Weapon          Hex/Chrm       #.......     41%         3    ####...
 Flame Tongue             Conj/Fire      #....        47%         1    ##.....
 Infusion                 Chrm           #...         54%         1    ##.....
 Throw Flame              Conj/Fire      #.....       63%         2    ###....
 Shroud of Golubria       Chrm/Tloc      #.........   67%         2    ###....
 Song of Slaying          Chrm           #.......     67%         2    ###....
 Sticks to Snakes         Tmut           #.......     67%         2    ###....
 Static Discharge         Conj/Air       #.......     82%         3    ####...
 Conjure Flame            Conj/Fire      #.......     85%         3    ####...
 Gell's Gravitas          Tloc           #.........   88%         3    ####...
 Recall                   Summ/Tloc      N/A          88%         3    ####...
 Regeneration             Chrm/Necr      #.........   88%         3    ####...
 Petrify                  Tmut/Erth      #.......     99%         4    #####..
 Sticky Flame             Conj/Fire      #.......     99%         4    #####..
 Metabolic Englaciation   Hex/Ice        #.........   99%         5    ######.
 Yara's Violent Unravell  Hex/Tmut       #.........   99%         5    ######.
 Fireball                 Conj/Fire      #.........   100%        5    ######.
 Irradiate                Conj/Tmut      #.........   100%        5    ######.
 Dispersal                Tloc           #.........   100%        6    #######
 Beastly Appendage        Tmut           Unusable     N/A         1    N/A
 Spider Form              Tmut/Pois      Unusable     N/A         3    N/A
 Ice Form                 Ice/Tmut       Unusable     N/A         4    N/A
 Blade Hands              Tmut           Unusable     N/A         5    N/A

Dungeon Overview and Level Annotations

Branches:
Dungeon (11/15)            Temple (1/1) D:6            Lair (4/6) D:9
  Snake (0/4) Lair:3
  Swamp: Lair:2-4    Shoals: Lair:2-4       Orc: D:9-12

Altars:
Ashenzari
Cheibriados
Dithmenos
Elyvilon
Fedhas
Gozag
Hepliaklqana
Kikubaaqudgha
Makhleb
Nemelex Xobeh
Okawaru
Qazlal
Ru
Sif Muna
Trog
Uskayaw
Vehumet
Wu Jian
Xom
Yredelemnul
Zin
The Shining One

Shops:
D:8 %


Innate Abilities, Weirdness & Mutations

Your body is rotting away.
You thrive on raw meat.
You are immune to poison.
You have sharp fingernails.
You are carnivorous and can eat meat at any time.
Your flesh is cold resistant. (rC+)
You are immune to negative energy. (rN+++)
You do not regenerate when monsters are visible.
You are immune to unholy pain and torment.
You can survive without breathing.


Message History

The swamp worm throws harpoon shot at you.
The harpoon shot hits you!
* * * LOW HITPOINT WARNING * * *
You are yanked forward by the harpoon shot.
You hit the swamp worm.
You kill the swamp worm!
The four-headed hydra bites you.
* * * LOW HITPOINT WARNING * * *
The four-headed hydra completely misses you.
The four-headed hydra closely misses you.
The four-headed hydra barely misses you.
Okay, then.
Okay, then.
The four-headed hydra looks more healthy.
You enter the shallow water.
Moving in this stuff is going to be slow.
The four-headed hydra barely misses you. x2
The four-headed hydra completely misses you.
The four-headed hydra bites you!
You die...

#..### ### ##..###.#
##.## #..### #..## ###
##..P ##...# ##.#####
##.... #P..##
#..#.#P#### ##.....
##..## #.........#
##...... ###.P###
♣♣♣♣♣♣♣..♣♣..# #.......
#...##.#♣♣≈≈≈≈≈≈...♣*,,,
##......
.........♣≈≈≈≈≈≈≈≈♣♣ ,*
.#P......
#P...###♣♣≈≈≈≈≈≈@♣♣,
,,......... ###.##
♣♣≈≈≈≈D..♣ ,, ,,##......
#.# ♣♣♣♣D..♣♣ , *
*#...... #.###
♣§§§..♣♣** #...... #.#.#
♣§§♣♣♣♣ * , #####.#
##...# ♣♣§§♣* ≈ *** #..
##...## ♣..♣♣ {{ *
#####.. ..##+P#
♣..§≈≈≈.§. ##.##..+
#.....# ♣≈≈≈≈≈§§§§
###.......


You could see 2 four-headed hydras.

Vanquished Creatures
  Gastronok (D:10)
  4 hydras
  The ghost of EtherCrawl the Sneak, a novice GnEn of Okawaru (D:7)
  Pikel (D:4)
  The ghost of DungeonDestroyer the Chopper, a novice MiFi of Gozag (D:6)
  The ghost of Eggbert the Chopper, a novice DrBe of Trog (D:5)
  An oklob plant (Lair:1)
  7 elephants (Lair:3)
  4 black mambas
  7 spiny frogs
  3 rime drakes (Lair:3)
  4 komodo dragons
  A queen bee (Lair:3)
  A troll (D:10)
  A polar bear (Lair:2)
  2 dream sheep (D:9)
  12 blink frogs
  7 hippogriffs
  Sigmund (D:6)
  A vampire (D:10)
  2 wyverns
  38 yaks
  4 basilisks
  A hungry ghost (D:9)
  3 swamp worms (Lair:4)
  6 porcupines
  8 water moccasins
  5 ice beasts
  A sky beast (D:10)
  Duvessa (D:6)
  2 orc warriors
  2 black bears (D:9)
  A necrophage (D:10)
  7 ogres
  14 wolves
  12 crocodiles
  2 centaurs (D:8)
  Blork the orc (D:5)
  4 big kobolds
  10 bullfrogs
  Dowan (D:6)
  A scorpion (D:9)
  A wyvern skeleton (D:10)
  29 killer bees
  4 wights (D:6)
  A howler monkey (D:5)
  A crimson imp (D:5)
  2 centaur zombies
  5 quasits
  2 hounds
  6 jellies
  3 orc priests
  2 centaur skeletons
  A bullfrog skeleton (D:5)
  10 orc wizards
  6 iguanas
  Ijyb (D:4)
  2 hell rats (Lair:2)
  8 worker ants
  Robin (D:4)
  A howler monkey skeleton (D:6)
  11 adders
  12 river rats
  2 shadow imps
  An adder zombie (D:6)
  5 worms
  3 dart slugs
  3 leopard geckos
  29 orcs
  3 ball pythons
  2 giant cockroaches
  20 goblins
  8 hobgoblins
  9 jackals
  4 bats
  4 frilled lizards
  14 kobolds
  A leopard gecko skeleton (D:6)
  4 rats
  A bush (Lair:1)
409 creatures vanquished.

Vanquished Creatures (others)
  A worm (D:4)
  4 fungi
  6 plants
11 creatures vanquished.

Grand Total: 420 creatures vanquished

Notes
Turn   | Place    | Note
-------+----------+-------------------------------------------
     0 | D:1      | Borgoz the Ghoul Monk began the quest for the Orb.
     0 | D:1      | Reached XP level 1. HP: 19/19 MP: 0/0
   279 | D:1      | Reached XP level 2. HP: 26/26 MP: 1/1
   840 | D:2      | Reached skill level 3 in Short Blades
   840 | D:2      | Reached skill level 1 in Armour
   840 | D:2      | Reached XP level 3. HP: 30/30 MP: 2/2
  1081 | D:2      | Found a stormy altar of Qazlal.
  1091 | D:2      | Noticed a fire elemental
  1092 | D:2      | Noticed an earth elemental
  1092 | D:2      | Noticed an air elemental
  1092 | D:2      | Noticed a water elemental
  1151 | D:2      | Reached XP level 4. HP: 15/39 MP: 3/3
  1801 | D:3      | Reached XP level 5. HP: 14/46 MP: 4/4
  2593 | D:4      | Found an iron altar of Okawaru.
  2646 | D:4      | Reached XP level 6. HP: 31/52 MP: 5/5
  2708 | D:4      | Noticed a phantom
  3001 | D:4      | Learned a level 1 spell: Confusing Touch
  3235 | D:5      | Entered Level 5 of the Dungeon
  3389 | D:6      | Noticed Sigmund
  3571 | D:5      | Reached skill level 4 in Short Blades
  3615 | D:5      | Reached XP level 7. HP: 30/59 MP: 1/6
  3828 | D:5      | Reached skill level 1 in Hexes
  4233 | D:4      | Noticed Pikel
  4368 | D:5      | Reached skill level 1 in Spellcasting
  4978 | D:5      | Found a transporter.
  4978 | D:5      | Found a transporter.
  4978 | D:5      | Noticed Eggbert's ghost (novice DrBe)
  5011 | D:6      | Noticed Blork the orc
  5061 | D:5      | Killed Blork the orc
  5070 | D:5      | Reached XP level 8. HP: 17/67 MP: 6/8
  5533 | D:4      | Noticed Robin
  5562 | D:4      | Killed Robin
  5663 | D:4      | Killed Pikel
  5663 | D:4      | Reached skill level 5 in Short Blades
  5663 | D:4      | Reached skill level 5 in Dodging
  5842 | D:4      | Reached skill level 5 in Fighting
  5903 | D:4      | Noticed Ijyb
  5919 | D:4      | Killed Ijyb
  6349 | D:6      | Found a glowing golden altar of the Shining One.
  6359 | D:6      | Found a shimmering altar of Xom.
  6374 | D:6      | Killed Sigmund
  6374 | D:6      | Reached XP level 9. HP: 73/74 MP: 8/11
  6432 | D:6      | Found a runed translucent door.
  6432 | D:6      | Noticed DungeonDestroyer's ghost (novice MiFi)
  6910 | D:6      | Noticed Duvessa
  6910 | D:6      | Noticed Dowan
  6931 | D:6      | Killed Duvessa
  6941 | D:6      | Killed Dowan
  7042 | D:6      | Found a staircase to the Ecumenical Temple.
  7148 | Temple   | Entered the Ecumenical Temple
  7212 | Temple   | Became a worshipper of Ashenzari the Shackled
  7212 | Temple   | Reached * piety under Ashenzari
  7212 | Temple   | Reached ** piety under Ashenzari
  7508 | D:7      | Found a transporter.
  7508 | D:7      | Noticed EtherCrawl's ghost (novice GnEn)
  7584 | D:7      | Found a transporter.
  8272 | D:8      | Reached skill level 5 in Armour
  8272 | D:8      | Reached skill level 5 in Stealth
  8393 | D:8      | Reached skill level 6 in Short Blades
  8628 | D:8      | Found Osuefrum's Food Shop.
  8659 | D:8      | Learned a level 3 spell: Confuse
  8918 | D:9      | Found a staircase to the Lair.
  8953 | D:8      | Reached XP level 10. HP: 63/83 MP: 13/13
  9506 | D:9      | Found a white marble altar of Elyvilon.
  9506 | D:9      | Found a snail-covered altar of Cheibriados.
  9538 | D:9      | Found a glowing silver altar of Zin.
  9539 | D:9      | Found a bloodstained altar of Trog.
  9541 | D:9      | Found a sparkling altar of Nemelex Xobeh.
  9542 | D:9      | Found a hazy altar of Hepliaklqana.
  9642 | D:9      | Reached skill level 7 in Short Blades
  9642 | D:9      | Reached skill level 1 in Evocations
 10010 | D:9      | Reached skill level 5 in Hexes
 10027 | D:9      | Reached XP level 11. HP: 29/91 MP: 14/14
 10297 | D:9      | Noticed a two-headed hydra
 10321 | D:9      | Killed a two-headed hydra
 10361 | D:10     | Entered Level 10 of the Dungeon
 10876 | D:10     | Reached *** piety under Ashenzari
 10888 | D:10     | Noticed Gastronok
 10920 | D:10     | Killed Gastronok
 10983 | D:10     | Identified the amulet of Puahol {Acrobat +Fly rF- rC+}
 11467 | D:10     | Reached skill level 8 in Short Blades
 11727 | D:11     | Noticed a white ugly thing
 11924 | D:5      | Killed Eggbert's ghost
 12025 | D:6      | Killed DungeonDestroyer's ghost
 12161 | D:7      | Killed EtherCrawl's ghost
 12165 | D:7      | Got the falchion of Integrity {freeze, rF+ Str+2}
 12264 | Lair:1   | Entered Level 1 of the Lair of Beasts
 12264 | Lair:1   | Found a deep blue altar of Sif Muna.
 12275 | Lair:1   | Reached XP level 12. HP: 64/100 MP: 13/15
 12669 | Lair:1   | Got the uncursed ring mail of the Hall of Blades {rElec
                  | rCorr Slay-2}
 12680 | Lair:1   | Identified the +4 ring mail of the Hall of Blades {rElec
                  | rCorr Slay-2} (You found it on level 1 of the Lair of
                  | Beasts)
 13086 | Lair:1   | Got the uncursed ring mail of the Boiling Point {rC+++}
 13433 | Lair:2   | Noticed a five-headed hydra
 13450 | Lair:2   | Killed a five-headed hydra
 13450 | Lair:2   | Reached skill level 9 in Short Blades
 14173 | Lair:2   | Identified the +0 ring mail of the Boiling Point {rC+++}
                  | (You found it on level 1 of the Lair of Beasts)
 14510 | Lair:2   | Got the uncursed chain mail of the Trees {Str+4 Slay-6
                  | Stlth+}
 15026 | Lair:3   | Reached XP level 13. HP: 83/108 MP: 14/16
 15521 | Lair:3   | Found a staircase to the Snake Pit.
 16075 | Lair:3   | Reached skill level 10 in Short Blades
 16374 | Lair:3   | Reached skill level 5 in Evocations
 16619 | Lair:3   | Identified the Grimoire of Hurtful Translocation
 16831 | Lair:4   | Learned a level 3 spell: Mephitic Cloud
 17025 | Lair:4   | Reached **** piety under Ashenzari
 17499 | Lair:4   | Slain by a four-headed hydra

Skill      XL: |  1  2  3  4  5  6  7  8  9 10 11 12 13 |
---------------+----------------------------------------+-----
Short Blades   | 3 4 5 6 7 8 9 10 | 10.3
Armour         | 1 2 3 4 5 6 7 8 |  8.9
Dodging        | 3 4 5 6 7 8 9 |  9.5
Stealth        | 3 4 5 6 7 8 9 |  9.3
Fighting       | 4 5 6 7 8 9 |  9.1
Hexes          | 1 3 4 5 6 |  6.9
Spellcasting   | 1 2 3 |  3.4
Evocations     | 1 2 4 5 |  5.2
Conjurations   | |  0.8
Air Magic      | |  0.5
Poison Magic   | |  0.8

Action                   |  1- 3 |  4- 6 |  7- 9 | 10-12 | 13-15 || total
-------------------------+-------+-------+-------+-------+-------++-------
Melee: Short sword       |   128 |   408 |   198 |   159 |       ||   893
       Dagger            |       |       |   361 |  1034 |   670 ||  2065
Throw: Tomahawk          |       |       |     4 |       |       ||     4
 Cast: Confusing Touch   |       |     1 |     8 |    40 |    20 ||    69
Invok: Curse Item        |       |       |     2 |       |       ||     2
Evoke: Wand              |       |       |       |     8 |     1 ||     9
  Use: Scroll            |       |     6 |     3 |     6 |     2 ||    17
       Potion            |       |       |     4 |     2 |     2 ||     8
 Stab: Sleeping          |     4 |       |     2 |     7 |     8 ||    21
       Confused          |       |     1 |     5 |    39 |    14 ||    59
       Invisible         |       |       |       |     5 |       ||     5
       Distracted        |       |       |       |     2 |     1 ||     3
  Eat: Chunk             |     6 |    30 |    16 |    99 |    51 ||   202
Armor: Robe              |     5 |       |       |       |       ||     5
       Scale mail        |    28 |   199 |   209 |   237 |       ||   673
       Ring mail         |       |       |       |   131 |   226 ||   357
Dodge: Dodged            |    50 |   200 |   243 |   672 |   456 ||  1621
